Map: 匹昂台地

Players

iGRushcrazy

  • Race: Protoss Protoss
  • League: Master

iGXiGua - Winner!

  • Race: Zerg Zerg
  • League: Master

Event: GPL 2015 - Grand Finals

VOD

Have the link to the VOD?

Description

Time

  • Played on: Jan. 10, 2016, 6:17 a.m.
  • Length: 9:14

All games in this series

Show
View Real Time Build Order
Export as new Build Order

iGRushcrazy Protoss 

Build Orders: 1 Gate Expand 

Get SALT Encoding   

  12  0:00  Probe (Chrono Boost)  
  13  0:11  Probe (Chrono Boost)  
  14  0:19  Pylon  
  14  0:22  Probe (Chrono Boost)  
  15  0:37  Probe (Chrono Boost)  
  15  0:38  Gateway  
  16  0:48  Probe (Chrono Boost)  
  16  0:49  Assimilator  
  17  0:58  Probe (Chrono Boost)  
  18  1:09  Probe (Chrono Boost)  
  19  1:19  Probe (Chrono Boost)  
  20  1:27  Nexus  
  20  1:30  Probe (Chrono Boost)  
  21  1:41  Cybernetics Core  
  21  1:42  Probe (Chrono Boost)  
  22  1:52  Probe (Chrono Boost)  
  23  2:01  Pylon  
  23  2:02  Assimilator  
  23  2:19  Probe (Chrono Boost)  
  23  2:22  Robotics Facility  
  24  2:26  Stalker (Chrono Boost)  
  27  2:30  Probe  
  27  2:37  Probe  
  27  2:42  Probe  
  29  2:49  Mothership Core (Chrono Boost)  
  31  2:52  Warp Gate  
  31  2:54  Probe (Chrono Boost)  
  32  3:02  Gateway  
  32  3:04  Pylon  
  32  3:05  Probe (Chrono Boost)  
  33  3:08  Probe (Chrono Boost)  
  34  3:15  Probe (Chrono Boost)  
  34  3:19  Probe (Chrono Boost)  
  36  3:26  Probe (Chrono Boost)  
  37  3:28  Probe (Chrono Boost)  
  37  3:30  Robotics Bay  
  37  3:33  Warp Prism (Chrono Boost)  
  40  3:37  Probe  
  40  3:38  Probe  
  42  3:47  Assimilator  
  42  3:49  Probe x2  
  42  3:51  Assimilator  
  44  3:55  Pylon  
  44  4:01  Probe  
  45  4:06  Probe  
  46  4:11  Gateway  
  46  4:13  Probe, Disruptor (Chrono Boost)  
  47  4:17  Gravitic Drive (Chrono Boost)  
  47  4:18  Probe  
  51  4:25  Probe  
  51  4:30  Probe  
  53  4:37  Pylon, Probe  
  54  4:42  Probe  
  54  4:43  Disruptor  
  54  4:44  Pylon  
  54  4:49  Probe  
  58  4:54  Probe  
  58  4:56  Adept  
  58  4:57  Zealot  
  63  5:00  Stargate  
  63  5:01  Stargate, Probe  
  63  5:06  Probe  
  65  5:13  Probe  
  66  5:18  Probe  
  70  5:30  Pylon, Probe  
  63  5:35  Pylon  
  63  5:36  Zealot, Adept x2  
  63  5:38  Pylon  
  63  5:41  Nexus  
  69  5:43  Pylon  
  69  5:49  Phoenix x2 (Chrono Boost)  
  73  5:52  Protoss Air Weapons Level 1  
  73  5:54  Probe  
  74  5:57  Pylon  
  74  5:58  Probe  
  74  6:04  Sentry x2  
  77  6:10  Zealot  
  79  6:13  Phoenix x2 (Chrono Boost)  
  79  6:15  Probe  
  84  6:18  Forge  
  84  6:19  Probe  
  85  6:27  Probe  
  85  6:31  Probe  
  87  6:35  Phoenix (Chrono Boost)  
  87  6:39  Zealot, Probe  
  92  6:43  Probe  
  92  6:44  Gateway  
  95  6:47  Phoenix (Chrono Boost)  
  95  6:49  Gateway  
  95  6:51  Probe  
  95  6:52  Probe  
  95  7:01  Twilight Council  
  95  7:04  Pylon  
  95  7:07  Probe  
  94  7:15  Photon Cannon  
  92  7:16  Pylon  
  89  7:27  Zealot x3  
  95  7:38  Gateway x2  
  95  7:39  Charge (Chrono Boost)  
  95  7:42  Gateway  
  95  7:44  Gateway  
  95  7:49  Zealot x3  
  88  7:52  Probe  
  88  7:54  Probe  
  88  7:55  Photon Cannon  
  88  7:58  Probe  
  78  8:02  Zealot x2  
  78  8:04  Probe  
  78  8:05  Templar Archives  
  75  8:14  Probe  
  75  8:16  Pylon  
  73  8:27  Zealot x3  
  73  8:30  Pylon, Warp Prism (Chrono Boost)  
  79  8:44  High Templar  
  79  8:45  High Templar  
  79  8:46  Zealot  
  81  8:49  Zealot x2  
  81  8:52  Gateway  
  81  8:55  High Templar, Archon  
Show
View Real Time Build Order
Export as new Build Order

iGXiGua Zerg - Winner!

Build Orders: Hatch First 

Get SALT Encoding   

  12  0:00  Drone  
  13  0:10  Drone  
  14  0:18  Overlord  
  14  0:23  Extractor  
  14  0:24  Drone  
  15  0:36  Drone x2  
  17  0:44  Drone  
  18  1:00  Hatchery  
  18  1:01  Drone  
  18  1:05  Drone  
  19  1:24  Drone  
  20  1:29  Extractor, Spawning Pool  
  20  1:32  Drone  
  19  1:38  Drone  
  20  1:53  Drone  
  21  2:05  Hatchery  
  20  2:15  Queen  
  20  2:16  Queen  
  20  2:21  Zergling x2  
  25  2:25  Drone  
  25  2:27  Drone  
  27  2:30  Drone  
  27  2:34  Overlord  
  28  2:39  Metabolic Boost  
  28  2:45  Overlord  
  28  2:48  Overlord  
  28  2:53  Drone  
  28  2:54  Drone  
  30  2:59  Queen  
  30  3:01  Drone  
  30  3:04  Drone  
  30  3:05  Drone  
  35  3:09  Drone  
  36  3:13  Queen  
  36  3:19  Drone x3  
  41  3:22  Drone  
  41  3:24  Drone  
  43  3:27  Drone  
  43  3:31  Overlord  
  43  3:33  Drone  
  45  3:43  Queen  
  45  3:45  Drone x2  
  45  3:47  Drone x4  
  53  3:51  Roach Warren  
  52  3:56  Zergling x6  
  52  4:00  Zergling x4  
  56  4:03  Extractor  
  56  4:05  Evolution Chamber  
  56  4:06  Evolution Chamber, Queen  
  55  4:11  Drone x5  
  60  4:17  Overlord  
  60  4:21  Queen  
  60  4:22  Extractor  
  60  4:23  Drone x2  
  60  4:24  Drone x3  
  66  4:28  Lair  
  66  4:30  Overlord  
  66  4:33  Overlord x2  
  66  4:37  Drone x2  
  68  4:40  Overlord  
  68  4:45  Overlord x2  
  66  4:47  Extractor  
  66  4:52  Zergling x8  
  69  4:53  Drone  
  69  4:54  Drone x2, Extractor  
  69  4:55  Drone, Extractor  
  69  4:57  Zerg Melee Weapons Level 1  
  71  5:03  Zergling x8  
  71  5:06  Zergling x2  
  76  5:14  Drone x2  
  77  5:16  Drone x2  
  80  5:21  Drone  
  80  5:24  Zerg Ground Armor Level 1  
  80  5:29  Zergling x18  
  87  5:37  Drone  
  87  5:38  Drone  
  87  5:40  Zergling x6  
  87  5:41  Spire, Zergling x2  
  91  5:45  Zergling x6  
  91  5:49  Zergling x2  
  89  5:50  Drone  
  89  5:53  Overseer  
  89  5:55  Overlord  
  90  5:59  Queen x2  
  90  6:02  Infestation Pit  
  90  6:03  Zergling x4  
  95  6:04  Pneumatized Carapace  
  95  6:08  Drone x2  
  95  6:09  Drone x2  
  97  6:12  Zergling x10  
  97  6:15  Zergling x6  
  97  6:18  Zergling x2  
  104  6:26  Hatchery  
  104  6:28  Zergling x4  
  105  6:33  Overseer  
  105  6:39  Zergling x2  
  110  6:40  Zergling x12  
  110  6:43  Overlord  
  110  6:48  Hive  
  110  6:49  Zergling x6  
  110  6:52  Zergling x4  
  110  6:53  Zerg Melee Weapons Level 2  
  113  6:58  Pathogen Glands  
  113  6:59  Zergling x2  
  111  7:04  Zergling x4  
  113  7:12  Hatchery  
  110  7:22  Zergling x16  
  115  7:29  Zergling x4  
  114  7:32  Drone  
  114  7:38  Zergling x4  
  114  7:39  Zergling x14  
  121  7:45  Zergling x2  
  121  7:46  Zergling x6  
  121  7:50  Zergling x2  
  118  7:52  Zergling x4  
  118  7:53  Overseer  
  118  7:57  Zergling x2  
  114  7:59  Infestor  
  114  8:02  Infestor  
  114  8:03  Infestor  
  114  8:04  Ultralisk Cavern  
  114  8:07  Infestor  
  114  8:12  Drone x2  
  112  8:14  Zergling x2  
  109  8:20  Zergling x2  
  109  8:25  Zergling x6  
  111  8:28  Zergling x2  
  111  8:32  Zergling x6  
  111  8:33  Zergling x2  
  115  8:44  Drone x4  
  115  8:45  Drone x2  
  115  8:47  Zergling x4  
  119  8:50  Extractor  
  119  8:51  Zergling x2  
  119  8:52  Zergling x2  
  120  9:12  Hatchery  
Tags
 
Add a new tag
Caveats
  • Supply blocks, unpowered buildings, or Contaminate may cause inaccurate times.
  • Supply counts are checked every 10 seconds.